AoeStats
← psyko

Arena

508882810Analyzed
3v3 RM · 9d ago on Sep 24, 2026· 43m 46s· 6 players
Game mode
Random Map
Map size
Normal (6 player)
Population
200
Speed
Normal
Resources
Standard
Victory
Conquest
Starting age
Dark Age
Ending age
Imperial Age
RankedLock teamsTeams togetherTeam positionsShared explorationLock speedFull tech treeHidden civsTurbo modeCheats
Victory
Defeat
🇹🇼 Bohemians · Taiwan
1251
+11
🇹🇼 Poles · Taiwan
1239
+12
🇹🇼 Georgians · Taiwan
1144
+16
🇩🇿 Hindustanis · Algeria
1146
-13
🇩🇿 Turks · Algeria
1146
-13
🇩🇿 Burgundians · Algeria
1146
-13
Not.MbL
10:27 Feudal Age
14:37 Castle Age
13:15 Stone Mining
13:11 Double-Bit Axe
13:51 Horse Collar
16:49 Bow Saw
19:05 Wheelbarrow
20:42 Heavy Plow
21:39 Hand Cart
23:08 Scale Barding Armor
23:13 Forging
22:57 Gold Mining
23:29 Bloodlines
23:20 Husbandry
24:14 Szlachta Privileges
26:04 Chain Barding Armor
33:32 Imperial Age
30:48 Loom
30:55 Loom
34:48 Cavalier
Not.ACCM
10:24 Feudal Age
14:03 Castle Age
12:03 Double-Bit Axe
13:31 Horse Collar
15:47 Bow Saw
20:31 Wheelbarrow
19:47 Loom
22:05 Gold Mining
22:07 Stone Mining
23:47 Town Watch
24:51 Stone Shaft Mining
24:39 Hand Cart
28:35 Imperial Age
26:26 Forging
26:22 Scale Barding Armor
28:30 Iron Casting
28:16 Chain Barding Armor
28:10 Bloodlines
28:00 Husbandry
28:11 Heavy Plow
28:29 Light Cavalry
31:56 Blast Furnace
31:32 Plate Barding Armor
32:15 Conscription
32:34 Conscription
32:08 Fletching
32:16 Elite Monaspa
33:06 Hussar
38:54 Bodkin Arrow
41:27 Aznauri Cavalry
Not.Vipper
11:00 Feudal Age
12:18 Loom
14:58 Castle Age
12:58 Double-Bit Axe
13:49 Horse Collar
16:14 Bow Saw
21:25 Heavy Plow
23:28 Town Watch
24:20 Pikeman
25:33 Scale Mail Armor
26:48 Wheelbarrow
30:44 Imperial Age
28:57 Forging
29:41 Chain Mail Armor
30:39 Chemistry
30:43 Squires
31:00 Halberdier
32:12 Plate Mail Armor
32:39 Hand Cart
34:09 Iron Casting
37:23 Houfnice
40:01 Blast Furnace
39:09 Scale Barding Armor
40:01 Light Cavalry
41:53 Bombard Tower
42:01 Chain Barding Armor
42:29 Arson
psyko
7:02 Double-Bit Axe
10:49 Feudal Age
15:43 Castle Age
14:05 Horse Collar
15:20 Heavy Plow
15:44 Cavalier
16:25 Husbandry
16:35 Gold Mining
22:25 Scale Barding Armor
23:23 Forging
24:35 Chain Barding Armor
25:15 Iron Casting
25:43 Devotion
28:30 Wheelbarrow
32:06 Pikeman
32:47 Squires
32:33 Arson
33:50 Hand Cart
33:21 Loom
39:20 Bow Saw
40:07 Scale Mail Armor
43:29 Imperial Age
41:17 Chain Mail Armor
42:00 Crop Rotation
41:23 Fletching
ZZZenzLA
11:57 Feudal Age
13:22 Double-Bit Axe
15:56 Castle Age
17:43 Loom
20:48 Imperial Age
24:08 Padded Archer Armor
24:00 Horse Collar
27:52 Gold Mining
34:46 Leather Archer Armor
38:41 Scale Barding Armor
38:46 Forging
40:53 Heavy Camel Rider
41:36 Husbandry
41:46 Bloodlines
zeides
10:38 Feudal Age
11:58 Wheelbarrow
11:11 Double-Bit Axe
11:09 Horse Collar
17:05 Castle Age
16:23 Stone Mining
18:59 Hand Cart
24:53 Fortified Wall
24:43 Fletching
26:19 Pikeman
30:10 Imperial Age
29:57 Bloodlines
29:47 Husbandry
30:39 Forging
30:34 Scale Barding Armor
32:04 Chemistry
31:11 Onager
33:44 Iron Casting
33:29 Chain Barding Armor
Connection lost

Rejoining the realm…

Still unreachable

The connection could not be restored.

Session expired

The server has moved on; the page needs a fresh start.